 Dungeon Sprint DCSS version 0.30-a0-1161-g0704695555 (webtiles) character file.

Game seed: 4851693500793354296

986 sircluck the Cleaver (level 8, -6/85 HPs)
             Began as a Hill Orc Berserker on Apr 27, 2023.
             Was a Believer of Trog.
             Shot with an arrow by a centaur warrior (12 damage)
             ... in the Dungeon (Sprint I: "Red Sonja").
             The game lasted 00:02:48 (410 turns).

sircluck the Cleaver (Hill Orc Berserker)            Turns: 410, Time: 00:02:48

Health: -6/85      AC:  8    Str: 22    XL:     8   Next: 18%
Magic:  8/8        EV: 11    Int:  7    God:    Trog [**....]
Gold:   423        SH:  0    Dex: 10    Spells: 7/7 levels left

rFire   . . .        a - +0 hand axe
rCold   . . .        (no shield)
rNeg    . . .        j - +0 scale mail
rPois   .            (no helmet)
rElec   .            (no cloak)
rCorr   .            (no gloves)
SInv    .            (no boots)
Will    .....        (no amulet) Stlth
                     (no ring)
HPRegen 0.34/turn    (no ring)
MPRegen 0.11/turn

%: no teleportation
@: no status effects
A: no striking features
a: Renounce Religion, Berserk, Trog's Hand


You were in the Dungeon.
You worshipped Trog.
Trog was pleased with you.
You visited 1 branch You collected 423 gold pieces.

Inventory:

Hand Weapons
 a - a +0 hand axe (weapon)
Missiles
 d - 3 curare-tipped darts (quivered)
Armour
 b - a +0 animal skin
 j - a +0 scale mail (worn)
Wands
 i - a wand of paralysis (2)
Potions
 e - a potion of haste
 f - 2 potions of magic
 g - a potion of berserk rage
 k - a potion of brilliance {unknown}


   Skills:
 + Level 12.9 Fighting
 + Level 14.3 Axes
 + Level 7.5 Armour
 + Level 4.9 Dodging
 + Level 1.6 Stealth
 + Level 0.5 Evocations


You had 7 spell levels left.
You didn't know any spells.
Your spell library was empty.

Dungeon Overview and Level Annotations

Branches:
Dungeon (1/1)

Altars:
Cheibriados
Dithmenos
Elyvilon
Fedhas
Gozag
Hepliaklqana
Kikubaaqudgha
Nemelex Xobeh
Okawaru
Qazlal
Ru
Sif Muna
Trog
Uskayaw
Vehumet
Wu Jian
Yredelemnul
Zin
The Shining One

Shops:
D !


Message History

There is a shimmering blue altar of Sif Muna here.
You open the door.
A centaur warrior comes into view.
The centaur warrior shouts!
The centaur warrior wields a +0 longbow.
The centaur warrior shoots an arrow.
The arrow hits you!
You close the door.
Something unseen breaks down the door.
You see here a +2 leather armour of fire resistance.
There is an open door here.
The centaur warrior shoots an arrow.
The arrow hits you!
The centaur warrior shoots an arrow.
The arrow hits you!
The centaur warrior shoots an arrow.
The arrow closely misses you.
You hear a shout!
There is an open door here.
The centaur warrior shoots an arrow.
The arrow hits you.
The centaur warrior shoots an arrow.
The arrow barely misses you.
You close the door.
A centaur warrior opens the door.
The centaur warrior shoots an arrow.
The arrow hits you but does no damage.
There is an open door here.
The centaur warrior shoots an arrow.
The arrow hits you!!
You close the door.
You feel better.
A centaur warrior opens the door.
The centaur warrior shoots an arrow.
The arrow hits you!
* * * LOW HITPOINT WARNING * * *
Aiming: Paralyse
Press: ? - help, Q - select action, (/) - cycle Shift-Dir - straight line, f - centaur warrior
Aim: a centaur warrior, wielding a +0 longbow (chance to affect: 32%)
The centaur warrior easily resists.
The centaur warrior shoots an arrow.
The arrow hits you!
* * * LOW HITPOINT WARNING * * *
Aiming: Paralyse
Press: ? - help, Q - select action, (/) - cycle Shift-Dir - straight line, f/p - centaur warrior
Aim: a centaur warrior, wielding a +0 longbow (chance to affect: 32%)
The centaur warrior easily resists.
The centaur warrior shoots an arrow.
The arrow hits you.
* * * LOW HITPOINT WARNING * * *
The centaur warrior shoots an arrow.
The arrow hits you!
You die...

################
#<.#..)..#.@'..#
#..)..#..').#c.+
#..#####'#####'#
#..####..#...#[# ##§
#..#__####..##.#§§~§
#..#_____##'#_§'§§
#⌠⌠#_.∩...'..§§#§~§.c#
####_..__##_.#'##+####
#_____###)#.#


You could see a centaur warrior.

Vanquished Creatures
  Sonja (D)
  Sigmund (D)
  A yak (D)
  An ogre (D)
  A jelly (D)
  Ijyb (D)
6 creatures vanquished.

Notes
Turn   | Place    | Note
-------+----------+-------------------------------------------
     0 | D        | sircluck the Hill Orc Berserker began the quest for the
                  | Orb.
     0 | D        | Reached XP level 1. HP: 19/19 MP: 1/1
     1 | D        | Noticed Ijyb
     2 | D        | Paralysed by Ijyb for 5 turns
    11 | D        | Killed Ijyb
    12 | D        | Reached skill level 5 in Fighting
    12 | D        | Reached skill level 6 in Axes
    12 | D        | Reached XP level 2. HP: 26/30 MP: 2/2
    12 | D        | Reached XP level 3. HP: 32/37 MP: 3/3
    64 | D        | Noticed an ogre
    70 | D        | Killed an ogre
    71 | D        | Reached skill level 8 in Axes
    71 | D        | Reached XP level 4. HP: 48/48 MP: 4/4
   111 | D        | Noticed Sigmund
   118 | D        | Killed Sigmund
   118 | D        | Reached ** piety under Trog
   119 | D        | Reached skill level 11 in Axes
   119 | D        | Reached skill level 5 in Armour
   119 | D        | Reached XP level 5. HP: 58/58 MP: 5/5
   119 | D        | Reached XP level 6. HP: 66/66 MP: 6/6
   137 | D        | Found an ornate altar of the Wu Jian Council.
   137 | D        | Found a shimmering blue altar of Sif Muna.
   153 | D        | Reached skill level 10 in Fighting
   228 | D        | Found a radiant altar of Vehumet.
   236 | D        | Found Rurex's Distillery.
   236 | D        | Found an ancient bone altar of Kikubaaqudgha.
   236 | D        | Found a hazy altar of Hepliaklqana.
   236 | D        | Found a stormy altar of Qazlal.
   236 | D        | Found a hide-covered altar of Uskayaw.
   236 | D        | Found a blossoming altar of Fedhas.
   236 | D        | Found a bloodstained altar of Trog.
   236 | D        | Found an iron altar of Okawaru.
   236 | D        | Found a basalt altar of Yredelemnul.
   236 | D        | Found a glowing golden altar of the Shining One.
   236 | D        | Found a snail-covered altar of Cheibriados.
   236 | D        | Found a sacrificial altar of Ru.
   236 | D        | Found a glowing silver altar of Zin.
   236 | D        | Found a shadowy altar of Dithmenos.
   236 | D        | Found a white marble altar of Elyvilon.
   236 | D        | Noticed a yak
   241 | D        | Killed a yak
   242 | D        | Reached skill level 12 in Axes
   242 | D        | Reached XP level 7. HP: 74/74 MP: 7/7
   243 | D        | Found an opulent altar of Gozag.
   259 | D        | Found a sparkling altar of Nemelex Xobeh.
   282 | D        | Noticed Sonja
   302 | D        | Killed Sonja
   303 | D        | Reached skill level 14 in Axes
   303 | D        | Reached skill level 1 in Stealth
   303 | D        | Reached XP level 8. HP: 50/85 MP: 8/8
   395 | D        | Noticed a centaur warrior
   410 | D        | Shot with an arrow by a centaur warrior

Illustrated notes

Levels and vault maps discovered:
D:        dungeon_sprint_1 [red_sonja_temple_1, red_sonja_temple_small_1]

Skill      XL: |  1  2  3  4  5  6  7 |
---------------+----------------------+-----
Fighting       | 5 7 9 11 12 | 12.9
Axes           | 6 8 11 12 14 | 14.3
Armour         | 3 4 5 6 7 |  7.5
Dodging        | 2 3 4 |  4.9
Stealth        | 1 |  1.6
Evocations     | |  0.5

Action                     |  1- 3 |  4- 6 |  7- 9 || total
---------------------------+-------+-------+-------++-------
  Melee: Hand axe          |    10 |    13 |     8 ||    31
 Invoke: Berserk           |     2 |     2 |     1 ||     5
  Evoke: Wand              |       |       |     4 ||     4
    Use: Potion            |       |       |     3 ||     3
         Scroll            |       |       |     1 ||     1
   Stab: Paralysed         |       |       |     2 ||     2
 Armour: Scale mail        |       |     7 |     3 ||    10
  Dodge: Dodged            |     2 |     5 |    11 ||    18

Table legend: (Time is in decaauts)
 A = Elapsed time spent in this place.
 B = Non-inter-level travel time spent in this place.
 C = Inter-level travel time spent in this place.
 D = Time resting spent in this place.
 E = Time spent auto-exploring this place.
 F = Levels seen in this place.
 G = Mean time per level.
                   A        B        C        D        E       F      G
               +--------+--------+--------+--------+--------+-----+--------+
         Total |    455 |    455 |      0 |    102 |    163 |   1 |  455.0 |
       Dungeon |    455 |    455 |      0 |    102 |    163 |   1 |  455.0 |
               +--------+--------+--------+--------+--------+-----+--------+

Top non-repeatable levels by time:
       D: 455 daAuts
